Unix NetHack Version 5.0.0-0 post-release - last build May 10 2026 23:12:36 (d1fa5d53e341ca933230fdaa984d921c805b60aa,branch:main).

Game began 2026-05-17 00:39:41, ended 2026-05-17 01:50:46.

IanCurtis, chaotic male elven Wizard

                                          ---
                                         --.|   -----
                                        --..|   |...---
                            ----        -...|----...^.|
                             ..-       |..|.|.........------
                             ..        ---|.|...........--.---
             --              ..           |.........--.......---
      --     ..     ----      .           --.....|..||.....>...--
      |.-    -.--   |..|      .-           --(.-------..........|
     --..-----..--  |..|      .|            |-.--|.............--
     |..*....--..| --..---   -.|           --...|-.-..--.......-
      -..........---.....|   |.|       --- |....|...---|......`.|
         |........|......-----.---    --.| --.-.|...-- ----.....|
         |......).)..).....--....|    |..|---.....|..|  -----...---- -
         --.)....[...............------..|.|....---..----@o..........|
        ---.[....|..........%..)..%........`.............f--- --..----
        -.......---.<.---....--..-----......--.------.....|     ---
      |....--.---|...-- --...|----   |.....-----    -....--
      |..-- ---  |..--   |..--       |....--       |...---
      ---        ----    |..|        --.---        --..|
                         ----         ---           ----
IanCurtis the Thaumaturge  St:8 Dx:16 Co:12 In:19 Wi:10 Ch:12  Chaotic
Dlvl:4  $:45 HP:0(39) Pw:31(65) AC:8  Xp:6 T:2544  Burdened

Latest messages:
 The spell hits the goblin!
 You kill the goblin!
 The spell hits the gnome!
 You kill the gnome!
 You see here a spellbook of healing.
 You have a little trouble lifting a spellbook of healing.  Continue? [ynq] (q) y
 You have a little trouble lifting U - a spellbook of healing.
 Your movements are slowed slightly because of your load.
 You see here a looking glass.
 In what direction? h
 The spell hits the gnome zombie!
 You destroy the gnome zombie!
 You hear some noises in the distance.
 You hear a chugging sound.
 You feel yourself slow down.
 The leprechaun hits!
 Your purse feels lighter.
 The leprechaun vanishes!
 What do you want to wear? [z or ?*] C
 You are now wearing a blindfold.
 You can't see any more.
 What do you want to remove? [C or ?*] C
 You were wearing a blindfold.
 You can see again.
 The hobgoblin wields a curved sword!
 You miss the hobgoblin.
 You miss the hobgoblin.
 The hobgoblin swings her curved sword.
 The hobgoblin hits!
 You kill the hobgoblin!
 But wait...
 The hobgoblin's medallion begins to glow!
 The hobgoblin looks much better!
 The medallion crumbles to dust!
 The hobgoblin swings her curved sword.
 The hobgoblin hits!
 The hobgoblin swings her curved sword.
 The hobgoblin hits!
 In what direction? l
 The spell misses the hobgoblin.
 The hobgoblin swings her curved sword.
 The hobgoblin hits!
 The kitten misses the hobgoblin.
 The kitten bites the hobgoblin.
 The hobgoblin swings her curved sword at the kitten.
 The hobgoblin misses the kitten.
 The hobgoblin swings her curved sword.
 The hobgoblin hits!
 You die...
 Do you want your possessions identified? [ynq] (y) q

Inventory:
 Coins    ('$')
  $ - 45 gold pieces
 Weapons  (')')
  a - a blessed +1 quarterstaff (weapon in hands)
 Armor    ('[')
  L - an uncursed +0 helm of brilliance named brilliance (being worn)
  z - an uncursed +0 pair of levitation boots
  b - an uncursed +0 cloak of magic resistance (being worn)
 Comestibles  ('%')
  w - 2 uncursed cram rations
 Scrolls  ('?')
  i - an uncursed scroll of blank paper
  F - an uncursed scroll of create monster
  h - an uncursed scroll of earth
  j - 3 uncursed scrolls of enchant armor
  u - a cursed scroll of genocide
  P - an uncursed scroll of gold detection
  K - an uncursed scroll of identify named identify
  B - a cursed scroll of remove curse
 Spellbooks  ('+')
  E - an uncursed spellbook of blank paper
  l - an uncursed spellbook of chain lightning
  H - an uncursed spellbook of charm monster
  O - a blessed spellbook of force bolt
  U - an uncursed spellbook of healing
 Potions  ('!')
  f - 2 uncursed potions of levitation
  g - an uncursed potion of paralysis
  D - an uncursed potion of restore ability
 Rings    ('=')
  e - an uncursed ring of see invisible
 Wands    ('/')
  t - a blessed wand of digging (0:8)
  S - a wand of light (0:15)
  T - a wand of speed monster (0:4)
  c - a wand of stasis named prevent monster teleport (0:4)
  I - a wand of undead turning (0:4)
 Tools    ('(')
  r - an uncursed bugle
  C - an uncursed blindfold
  m - a magic marker (0:21)
  k - an uncursed skeleton key

IanCurtis the Wizard's attributes:

Background:
 You were a Thaumaturge, a level 6 male elven Wizard.
 You were chaotic, nominally on a mission for Anhur
 who was opposed by Ptah (lawful) and Thoth (neutral).
 You were right-handed.
 You were in the Gnomish Mines, on level 4.
 You entered the dungeon 2544 turns ago.
 It was nighttime.
 There was a new moon in effect when your adventure ended.
 You had 370 experience points, 270 more were needed to attain level 7.

Basics:
 You had 0 out of 39 hit points.
 You had 31 out of 65 energy points (spell power).
 Your armor class was 8.
 Your wallet contained 45 zorkmids.
 Autopickup was off.

Final Characteristics:
 Your strength was 8 (limit:18).
 Your dexterity was 16 (limit:18).
 Your constitution was 12 (limit:16).
 Your intelligence was 19 (limit:20).
 Your wisdom was 10 (limit:20).
 Your charisma was 12 (limit:18).

Final Status:
 You weren't hungry.
 You were burdened; movement was slightly slowed.
 You were wielding a quarterstaff.
 You had basic skill with quarterstaff.

Final Attributes:
 You were piously aligned.
 You were magic-protected.
 You were sleep resistant.
 You were telepathic.
 You had infravision.
 You were warded.
 You are dead.

Miscellaneous:
 You didn't encounter any bones levels.
 Total elapsed playing time was 52 minutes and 48 seconds.

Major events:
 Turn
    1: IanCurtis the chaotic male elven Wizard entered the dungeon
 1223: attained the rank of Conjurer (level 3)
 2332: entered the Gnomish Mines
 2443: attained the rank of Thaumaturge (level 6)
 2544: killed by a hobgoblin

Spells:
 Name                 Level Category     Fail Retention
 force bolt             1   attack         0%   81%-90%
 chain lightning        2   attack         0%   81%-90%

Skills:
 Fighting Skills
   bare handed combat [Unskilled]
   riding             [Unskilled]
 Weapon Skills
   dagger             [Unskilled]
   knife              [Unskilled]
   axe                [Unskilled]
   short sword        [Unskilled]
   club               [Unskilled]
   mace               [Unskilled]
   quarterstaff       [Basic]
   polearms           [Unskilled]
   spear              [Unskilled]
   trident            [Unskilled]
   sling              [Unskilled]
   dart               [Unskilled]
   shuriken           [Unskilled]
 Spellcasting Skills
   attack spells      [Basic]
   healing spells     [Unskilled]
   divination spells  [Unskilled]
   enchantment spells [Basic]
   clerical spells    [Unskilled]
   escape spells      [Unskilled]
   matter spells      [Unskilled]

Voluntary challenges:
 Character rerolling was not enabled.
 You were an atheist.
 You were illiterate.
 You never genocided any monsters.
 You never polymorphed an object.
 You never changed form.
 You used no wishes.
Achievements:
 You entered a shop.
 You attained the rank of Conjurer.
 You entered the Gnomish Mines.
 You attained the rank of Thaumaturge.

 The Dungeons of Doom: levels 1 to 4
    Level 1:
    Level 2:
    Level 3:
       A general store, some fountains.
       Stairs down to The Gnomish Mines.
    Level 4:
       A sink.
 The Gnomish Mines:
    Level 4: <- You were here.
       Final resting place for
          you, killed by a hobgoblin.


Vanquished creatures:
  2 small mimics
  2 leprechauns
  a pony
  a gnome leader
  a giant ant
  a floating eye
  2 dwarves
  a homunculus
  a rothe
  2 coyotes
  2 hobbits
  a large kobold
  a hobgoblin
  6 giant rats
  2 cave spiders
  2 brown molds
 11 gnomes
  2 gnome zombies
  2 geckos
  3 jackals
  a fox
  2 kobolds
  4 goblins
  a sewer rat
  6 grid bugs
  a bat
  2 lichens
  a kobold zombie
  3 newts
67 creatures vanquished.

No species were genocided or became extinct.

Game over:
                       ----------
                      /          \
                     /    REST    \
                    /      IN      \
                   /     PEACE      \
                  /                  \
                  |    IanCurtis     |
                  |      45 Au       |
                  |   killed by a    |
                  |    hobgoblin     |
                  |                  |
                  |                  |
                  |       2026       |
                 *|     *  *  *      | *
        _________)/\\_//(\/(/\)/\//\/|_)_______

Goodbye IanCurtis the Wizard...

You died in The Gnomish Mines on dungeon level 4 with 1671 points,
and 45 pieces of gold, after 2544 moves.
You were level 6 with a maximum of 39 hit points when you died.

